 Dungeon Crawl Stone Soup version 0.19.1-1-g22dce08 (webtiles) character file.

56 RedPan the Cudgeler (level 3, 0/43 HPs)
             Began as a Demonspawn Berserker on Dec 28, 2016.
             Was a Follower of Trog.
             Succumbed to an adder's poison
             ... on level 2 of the Dungeon.
             The game lasted 00:03:01 (1851 turns).

RedPan the Cudgeler (Demonspawn Berserker)          Turns: 1851, Time: 00:03:02

Health: 0/43       AC: 21    Str: 16 (18) XL:     3   Next: 69%
Magic:  3/3        EV:  2    Int:  6 (8)  God:    Trog [*.....]
Gold:   92         SH:  0    Dex: 11 (12) Spells: 0 memorised, 2 levels left

rFire  . . .     SeeInvis .     a - +0 mace
rCold  . . .     Gourm    .     (armour currently unavailable)
rNeg   + + +     Faith    .     (no shield)
rPois  +         Spirit   .     (helmet currently unavailable)
rElec  .         Reflect  .     (cloak currently unavailable)
rCorr  .         Harm     .     (gloves currently unavailable)
MR     .....     NoTele   +     (boots currently unavailable)
Stlth  +.........               (no amulet)
                                (no ring)
                                (no ring)

@: lethally poisoned (0 -> -4), tree-form, very slightly contaminated, invisible
A: (hooves 0)
a: Berserk, Burn Spellbooks, Renounce Religion


You were on level 2 of the Dungeon.
You worshipped Trog.
Trog was aware of your devotion.
You were very hungry.
You were a tree.
You visited 1 branch of the dungeon, and saw 2 of its levels.

You collected 92 gold pieces.

Inventory:

Hand Weapons
 a - a +0 mace (weapon)
Armour
 b - a +0 animal skin (melded)
Jewellery
 m - a +3 ring of slaying {unknown}
Scrolls
 h - a scroll of enchant weapon {unknown}
 j - a scroll of identify {unknown}
 n - a scroll of amnesia
 p - a scroll of enchant armour {unknown}
Comestibles
 c - a bread ration
 g - a slice of pizza
 i - a meat ration


   Skills:
 - Level 3.0 Fighting
 + Level 4.2 Maces & Flails
 - Level 1.7 Armour
 - Level 1.7 Dodging


You had 2 spell levels left.
You didn't know any spells.

Dungeon Overview and Level Annotations

Branches:
Dungeon (2/15)

Altars:


Innate Abilities, Weirdness & Mutations

((You have large cloven feet.))


Message History

You feel sick. The goblin hits you but does no damage.
You aren't carrying any potions.
Unknown command.
You closely miss the goblin.
* * * LOW HITPOINT WARNING * * *
You feel sick. The goblin hits you but does no damage.
You closely miss the goblin.
* * * LOW HITPOINT WARNING * * *
You feel sick. The goblin hits you but does no damage.
You aren't carrying any potions.
Unknown command.
You sock the goblin!
You kill the goblin!
Trog accepts your kill.
Okay, then.
You aren't carrying any potions.
As you read the scroll labeled LOIGAC JOCWYE, it crumbles to dust.
It is a scroll of amnesia.
You feel forgetful for a moment.
You die...

#.# #.# ### ## ### #.. .. ..
#.. ##. ..... ... #. #..
.#..####.# #. ... ........#
#.# #. ##.... #.##.##)# #.# #.
......##.##.##♣# #.# #.
#....#......#.# #.# #.
###.............# #.# #.
.............#.# #.### #.
#..#..#.##.##.####...##### #.
#..#..#.##[##(....<..#...####.
#..........#####..............
##.......................#####
###.###########.>......##


There were no monsters in sight!

Vanquished Creatures
  3 adders (D:2)
  A worm (D:2)
  3 bats (D:1)
  A giant cockroach (D:2)
  2 goblins
  3 hobgoblins
  2 jackals (D:1)
  5 kobolds
  A quokka (D:2)
  A ball python (D:1)
  3 frilled lizards (D:1)
  2 rats (D:1)
27 creatures vanquished.

Notes
Turn   | Place    | Note
-------+----------+-------------------------------------------
     0 | D:1      | RedPan the Demonspawn Berserker began the quest for the Orb.
     0 | D:1      | Reached XP level 1. HP: 18/18 MP: 1/1
   213 | D:1      | Reached skill level 3 in Maces & Flails
   295 | D:1      | HP: 1/27 [kobold/short sword (2)]
   296 | D:1      | Gained mutation: You have large cloven feet. [demonic ancestry]
   296 | D:1      | Reached XP level 2. HP: 1/24 MP: 2/2
  1323 | D:2      | Reached XP level 3. HP: 21/29 MP: 3/3
  1559 | D:2      | Reached skill level 4 in Maces & Flails
  1848 | D:2      | HP: 2/43 [poisoned by an adder]
  1851 | D:2      | Succumbed to an adder's poison

Skill      XL: |  1  2  3 |
---------------+----------+-----
Maces & Flails | 3 4 |  4.2
Fighting       | |  3.0
Armour         | |  1.7
Dodging        | |  1.7

Action                   || total
-------------------------++-------
Melee: Mace              ||   113
       Kick              ||    12
Invok: Berserk           ||     3
  Use: Potion            ||     5
       Scroll            ||     2
  Eat: Chunk             ||     5
Armor: Animal skin       ||    30
       Skin              ||     4
Dodge: Dodged            ||    93
